 Dungeon Crawl Stone Soup version 0.27.1 (webtiles) character file.

Game seed: 14289015569633681037

7756 ZARRMARR the Grappler (level 11, -5/104 HPs)
             Began as a Troll Monk on Aug 24, 2021.
             Slain by a wraith (9 damage)
             ... led by Josephine
             ... on level 1 of the Orcish Mines.
             The game lasted 00:42:00 (8080 turns).

ZARRMARR the Grappler (Troll Monk)                  Turns: 8080, Time: 00:42:01

Health: -5/104     AC: 11    Str: 21    XL:     11   Next: 0%
Magic:  10/10      EV:  7    Int:  6    God:
Gold:   456        SH:  0    Dex: 21    Spells: 10/10 levels left

rFire    + . .     SeeInvis .     - Unarmed
rCold    . . .     Faith    .   (no shield)
rNeg     . . .     Spirit   .   A - +2 robe {rF+}
rPois    .         Reflect  .   a - +2 hat
rElec    .         Harm     .   o - +2 cloak
rCorr    .         Rampage  .   (gloves unavailable)
Will     +++..                  (boots unavailable)
Stlth    ++........             (no amulet)
HPRegen  1.27/turn              K - ring of willpower
MPRegen  0.12/turn              e - ring "Afuquadd" {Fly Will++ Dex+6}

@: flying, held, slowed, studying Maces & Flails, very slow
A: large, unfitting armour, claws 3, regeneration 1, shaggy fur 1, tough skin 1
a: no special abilities


You were on level 1 of the Orcish Mines.
You visited 3 branches of the dungeon, and saw 12 of its levels.

You collected 456 gold pieces.

Inventory:

Missiles
 p - 4 atropa-tipped darts
 w - 9 boomerangs
 B - 12 poisoned darts
 C - 3 javelins (quivered)
Armour
 a - a +2 hat (worn)
 o - a +2 cloak (worn)
 A - a +2 robe of fire resistance (worn)
Jewellery
 e - the ring "Afuquadd" (right claw) {Fly Will++ Dex+6}
   (You acquired it on level 3 of the Dungeon)

   [ring of dexterity]

   Dex:       It affects your dexterity (+6).
   Fly:       It grants you flight.
   Will:      It greatly increases your willpower.
 j - a ring of protection from cold
 u - a ring of see invisible
 y - a ring of fire
 K - a ring of willpower (left claw)
Wands
 h - a wand of mindburst (11)
 t - a wand of acid (9)
 J - a wand of polymorph (8)
 L - a wand of iceblast (5)
Scrolls
 c - a scroll of vulnerability
 d - a scroll of torment
 i - 5 scrolls of teleportation
 l - 2 scrolls of enchant weapon
 q - a scroll of brand weapon {unknown}
 s - a scroll of immolation {unknown}
 z - a scroll of fear {unknown}
 D - a scroll of magic mapping
 E - a scroll of noise {unknown}
 I - a scroll of blinking {unknown}
Potions
 b - 3 potions of attraction
 f - a potion of degeneration {unknown}
 g - 2 potions of mutation
 k - 3 potions of invisibility
 m - 2 potions of curing {unknown}
 n - a potion of berserk rage {unknown}
 r - a potion of lignification {unknown}
 v - 2 potions of ambrosia {unknown}
 x - 3 potions of heal wounds {unknown}
 F - a potion of might {unknown}
 G - a potion of haste {unknown}
 H - a potion of brilliance {unknown}


   Skills:
 + Level 5.3 Fighting
 + Level 6.6 Dodging
 - Level 1.0 Stealth
 + Level 13.9 Unarmed Combat


You had 10 spell levels left.
You didn't know any spells.
Your spell library contained the following spells:

 Spells                   Type           Power      Damage    Failure   Level
 Fulminant Prism          Conj/Hex       0%         3d6       99%         4
 Iskenderun's Mystic Bla  Conj/Tloc      0%         2d3       99%         4
 Freezing Cloud           Conj/Ice/Air   0%         6-21      100%        5
 Lee's Rapid Deconstruct  Erth           0%         3d5*      100%        5
 Summon Forest            Summ/Tloc      0%         N/A       100%        5
 Summon Mana Viper        Hex/Summ       0%         N/A       100%        5
 Shadow Creatures         Summ           N/A        N/A       100%        6
 Simulacrum               Ice/Necr       0%         N/A       100%        6
 Polar Vortex             Ice            0%         N/A       100%        9


Dungeon Overview and Level Annotations

Branches:
Dungeon (10/15)            Temple (1/1) D:5             Orc (1/2) D:10
   Lair: D:8-11

Altars:
Ashenzari
Cheibriados
Dithmenos
Elyvilon
Fedhas
Gozag
Hepliaklqana
Kikubaaqudgha
Makhleb
Nemelex Xobeh
Okawaru
Qazlal
Ru
Sif Muna
Trog
Uskayaw
Vehumet
Wu Jian
Xom
Yredelemnul
Zin
The Shining One

Shops:
D:3 *   D:8 *

Annotations:
Orc:1 Harold, Josephine


Innate Abilities, Weirdness & Mutations

You are too large for most types of armour.
You have claws for hands.
Your natural rate of healing is unusually fast.
You are covered in fur. (AC +1)
You have tough skin. (AC +1)


Message History

The wraith completely misses you.
Josephine hits you with a +3 dagger of protection!
The wraith barely misses you.
Josephine hits you with a +3 dagger of protection.
The wraith completely misses you. The wraith closely misses you.
The wraith hits you but does no damage.
The orc priest mumbles some strange prayers to Beogh against you.
Beogh smites you!
Josephine hits you with a +3 dagger of protection!
The wraith hits you but does no damage.
Harold throws a throwing net.
The throwing net hits you.
You become entangled in the net!
You stop ascending the stairs.
The wraith hits you but does no damage. The wraith hits you!
The wraith drains your vigour!
You feel as though you will be slow longer.
You hear a shout!
You tear a large gash into the net.
The wraith hits you but does no damage. The wraith hits you!
Josephine hits you with a +3 dagger of protection!
The wraith hits you. The wraith drains your vigour!
You feel as though you will be slow longer.
The wraith hits you! The wraith drains your vigour!
You feel as though you will be slow longer.
Harold hits you with a +0 war axe!
* * * LOW HITPOINT WARNING * * *
The wraith hits you!
* * * LOW HITPOINT WARNING * * *
The wraith drains your vigour!
You feel as though you will be slow longer.
You don't know any spells.
You struggle against the net.
Josephine hits you with a +3 dagger of protection.
* * * LOW HITPOINT WARNING * * *
The wraith hits you.
* * * LOW HITPOINT WARNING * * *
The wraith hits you.
* * * LOW HITPOINT WARNING * * *
The wraith drains your vigour!
You feel as though you will be slow longer.
The wraith hits you!
You die...

#......#..$ ..
.......... .. .
..........#.#..
.........#.....
. .............
...#...........
..#.....W...^.$
.$....@@@......
......WWW....##
.....oo.....##
.............#
#........#..##
#.......#...#
.......... ##
.......##..


You could see Harold, Josephine, 4 wraiths, an orc priest and an orc wizard.

Vanquished Creatures
  Pikel (D:4)
  An ugly thing (D:9)
  A kobold demonologist (D:9)
  A shadow (D:9)
  18 yaks
  A steam dragon (D:7)
  A warg (D:10)
  Duvessa (D:4)
  3 black bears
  2 ice beasts (D:6)
  A necrophage (D:8)
  6 orc warriors
  An ogre (D:5)
  3 centaurs
  A phantom (D:4)
  A lemure (D:4)
  Blork the orc (D:4)
  2 kobold brigands
  2 gnoll sergeants
  A scorpion (D:4)
  Dowan (D:4)
  A wyvern zombie (D:8)
  A killer bee (D:4)
  12 wights
  A crimson imp (D:8)
  2 bullfrog skeletons (D:6)
  A jelly (D:5)
  Crazy Yiuf (D:5)
  3 orc priests
  4 hounds
  A centaur skeleton (D:7)
  4 iguanas
  8 orc wizards
  A hound zombie (D:4)
  A mummy (D:8)
  A hound skeleton (D:4)
  Robin (D:3)
  11 gnolls
  7 adders
  2 ufetubi (D:5)
  A dart slug (D:2)
  34 orcs
  7 ball pythons
  4 bats
  5 endoplasms
  6 giant cockroaches
  9 goblins
  17 hobgoblins
  11 jackals
  3 quokkas
  5 frilled lizards
  2 hobgoblin zombies (D:8)
  16 kobolds
  2 kobold zombies (D:8)
  A quokka skeleton (D:4)
  5 rats
241 creatures vanquished.

Vanquished Creatures (others)
  A fungus (D:5)
1 creature vanquished.

Grand Total: 242 creatures vanquished

Notes
Turn   | Place    | Note
-------+----------+-------------------------------------------
     0 | D:1      | ZARRMARR the Troll Monk began the quest for the Orb.
     0 | D:1      | Reached XP level 1. HP: 22/22 MP: 0/0
    90 | D:1      | Reached XP level 2. HP: 29/29 MP: 1/1
   283 | D:1      | Reached XP level 3. HP: 36/36 MP: 2/2
   758 | D:2      | Found a faded altar of an unknown god.
  1145 | D:2      | Reached skill level 4 in Unarmed Combat
  1388 | D:3      | Found a snail-covered altar of Cheibriados.
  1417 | D:3      | Reached XP level 4. HP: 44/44 MP: 3/3
  1523 | D:3      | Noticed Robin
  1528 | D:3      | Killed Robin
  1530 | D:3      | Found Imo Bifo's Assorted Antiques.
  1628 | D:3      | Identified a scroll of acquirement
  1628 | D:3      | Acquired the ring "Afuquadd" {Fly Will++ Dex+6}
  1899 | D:4      | Reached XP level 5. HP: 53/53 MP: 4/4
  1922 | D:4      | Noticed a lemure
  1924 | D:4      | Noticed Pikel
  1941 | D:4      | Killed a lemure
  1949 | D:4      | Noticed Blork the orc
  1963 | D:4      | Killed Blork the orc
  1964 | D:4      | Reached skill level 5 in Unarmed Combat
  1973 | D:4      | Noticed a lemure
  1975 | D:4      | Noticed a lemure
  1976 | D:4      | Noticed a lemure
  1981 | D:4      | Killed Pikel
  1982 | D:4      | Reached skill level 6 in Unarmed Combat
  1982 | D:4      | Reached XP level 6. HP: 52/61 MP: 5/5
  1982 | D:4      | Reached XP level 7. HP: 58/67 MP: 6/6
  1986 | D:4      | Reached skill level 7 in Unarmed Combat
  2104 | D:4      | Found a glowing golden altar of the Shining One.
  2240 | D:4      | Noticed Duvessa
  2240 | D:4      | Noticed Dowan
  2246 | D:4      | Killed Duvessa
  2247 | D:4      | Killed Dowan
  2248 | D:4      | Reached skill level 8 in Unarmed Combat
  2248 | D:4      | Reached XP level 8. HP: 56/78 MP: 7/7
  2770 | D:5      | Entered Level 5 of the Dungeon
  2819 | D:5      | Found a staircase to the Ecumenical Temple.
  2828 | Temple   | Entered the Ecumenical Temple
  2990 | D:5      | Found a bloodstained altar of Trog.
  3001 | D:5      | Reached skill level 9 in Unarmed Combat
  3449 | D:5      | Found a runed translucent door.
  3450 | D:5      | Noticed Crazy Yiuf
  3458 | D:5      | Killed Crazy Yiuf
  3668 | D:6      | Reached skill level 5 in Dodging
  3849 | D:6      | Reached skill level 10 in Unarmed Combat
  3933 | D:6      | Reached XP level 9. HP: 84/84 MP: 8/8
  3953 | D:6      | Found a stormy altar of Qazlal.
  4203 | D:7      | Found a sacrificial altar of Ru.
  5058 | D:8      | Reached skill level 11 in Unarmed Combat
  5319 | D:8      | Found Plog's Assorted Antiques.
  5444 | D:8      | Found a broken altar of Ashenzari.
  5491 | D:8      | Reached skill level 12 in Unarmed Combat
  5694 | D:8      | Reached XP level 10. HP: 87/94 MP: 9/9
  5834 | D:8      | Found a burning altar of Makhleb.
  5837 | D:8      | Found a radiant altar of Vehumet.
  6081 | D:9      | Found a sparkling altar of Nemelex Xobeh.
  6158 | D:9      | Found a white marble altar of Elyvilon.
  6453 | D:9      | Noticed a green ugly thing
  6459 | D:9      | Killed a green ugly thing
  6508 | D:9      | Found an ancient bone altar of Kikubaaqudgha.
  6611 | D:9      | Found a hazy altar of Hepliaklqana.
  6947 | D:8      | Reached skill level 5 in Fighting
  6979 | D:10     | Entered Level 10 of the Dungeon
  7210 | D:10     | Reached skill level 13 in Unarmed Combat
  7230 | D:10     | Found a staircase to the Orcish Mines.
  7893 | D:10     | Reached XP level 11. HP: 62/104 MP: 10/10
  8072 | Orc:1    | Entered Level 1 of the Orcish Mines
  8072 | Orc:1    | Noticed Josephine
  8072 | Orc:1    | Noticed Harold
  8080 | Orc:1    | HP: 4/104 [wraith[Josephine] (6)]
  8080 | Orc:1    | Slain by a wraith

Illustrated notes

Levels and vault maps discovered:
D:1:      amcnicky_arrival_gap_in_the_tavern_cellar, layout_basic
D:2:      layout_loops_ring, hellmonk_ecumenical_altar_inner_sanctum
D:3:      layout_rooms, cheibriados_altar_1, serial_shops, shop_coins,
          nrook_campfire, uniq_robin
D:4:      layout_basic, tso_metal_star, minmay_manual_mullet, uniq_duvessa,
          uniq_pikel, uniq_blork_the_orc
D:5:      layout_cave_pools, mainiacjoe_overflow_chevrons,
          minmay_temple_entry_wispy, uniq_crazy_yiuf_cottage
D:6:      layout_loops_ring, mainiacjoe_overflow_catwalk, supply_closet_lemuel
D:7:      layout_basic, nicolae_ru_awakened_eye
D:8:      layout_rooms, grunt_temple_overflow_lords_of_destruction,
          nicolae_ashenzari_panopticon, serial_shops, nicolae_take_the_stairs,
          chequers_jeans, grunt_ministairs_2, minmay_mini_ossuary
D:9:      layout_gridville, elyvilon_altar_1, lemuel_crystal_altar,
          nemelex_spade_bored_becter, mainiacjoe_overflow_24_doors
D:10:     layout_loops_corners, erik_orc_3, chequers_mini_garden,
          hangedman_abyss_or_decor_stagger
Temple:   compressed_dpeg_circular_temple
Orc:1:    layout_caves, uniq_josephine, uniq_harold

Skill      XL: |  1  2  3  4  5  6  7  8  9 10 |
---------------+-------------------------------+-----
Unarmed Combat | 4 6 8 10 12 13 | 13.9
Dodging        | 3 4 5 6 |  6.6
Fighting       | 3 4 5 |  5.3
Stealth        | |  1.0

Action                   |  1- 3 |  4- 6 |  7- 9 | 10-12 || total
-------------------------+-------+-------+-------+-------++-------
Melee: Unarmed           |   112 |    92 |   256 |   177 ||   637
       Punch             |       |       |    19 |    20 ||    39
Throw: Javelin           |       |     6 |    61 |    29 ||    96
       Dart              |       |       |     4 |    17 ||    21
  Use: Scroll            |       |     8 |     3 |       ||    11
 Stab: Sleeping          |     4 |       |     1 |     2 ||     7
       Distracted        |     1 |       |       |       ||     1
Armor: Robe              |    52 |    27 |    71 |    31 ||   181
Dodge: Dodged            |    57 |    51 |   141 |    76 ||   325
